 Dungeon Crawl Stone Soup version 0.27-a0-1312-g5cdb2b3542 (webtiles) character file.

Game seed: 7582860435393089627

246 Demosthentine the Poker (level 6, -1/47 HPs)
             Began as a Merfolk Gladiator on June 20, 2021.
             Slain by an orc priest (7 damage)
             ... on level 4 of the Dungeon.
             The game lasted 00:02:38 (3476 turns).

Demosthentine the Poker (Merfolk Gladiator)         Turns: 3476, Time: 00:02:39

Health: -1/47      AC:  5    Str: 16    XL:     6   Next: 11%
Magic:  6/6        EV: 14    Int:  8    God:
Gold:   49         SH:  0    Dex: 15    Spells: 5/5 levels left

rFire    . . .     SeeInvis .   a - +1 trident
rCold    . . .     Faith    .   (no shield)
rNeg     . . .     Spirit   .   b - +0 leather armour
rPois    .         Reflect  .   c - +0 helmet
rElec    .         Harm     .   l - +0 cloak
rCorr    .         Rampage  .   (no gloves)
Will     .....                  (no boots)
Stlth    +.........             e - amulet of the acrobat
HPRegen  0.15/turn              (no ring)
MPRegen  0.10/turn              (no ring)

@: no status effects
A: (nimble swimmer 2), mertail
a: no special abilities


You were on level 4 of the Dungeon.
You visited 1 branch of the dungeon, and saw 4 of its levels.

You collected 49 gold pieces.

Inventory:

Hand Weapons
 a - a +1 trident (weapon)
Missiles
 d - 3 throwing nets (quivered)
Armour
 b - a +0 leather armour (worn)
 c - a +0 helmet (worn)
 k - a +0 buckler
 l - a +0 cloak (worn)
Jewellery
 e - an amulet of the acrobat (around neck)
Wands
 j - a wand of polymorph (10)
Scrolls
 h - 3 scrolls of teleportation
Potions
 g - a potion of degeneration {unknown}
 i - 2 potions of mutation
 m - a potion of lignification {unknown}
 n - 2 potions of heal wounds {unknown}


   Skills:
 + Level 3.5 Fighting
 + Level 5.8 Polearms
 - Level 2.0 Throwing
 + Level 1.7 Armour
 + Level 5.3 Dodging
 + Level 2.2 Shields


You had 5 spell levels left.
You didn't know any spells.
Your spell library contained the following spells:

 Spells                   Type           Power      Damage    Failure   Level
 Magic Dart               Conj           0%         1d3       47%         1
 Blink                    Tloc           N/A        N/A       63%         2
 Call Imp                 Summ           0%         N/A       63%         2
 Slow                     Hex            0%         N/A       63%         2
 Conjure Flame            Conj/Fire      0%         6-21      85%         3
 Mephitic Cloud           Conj/Pois/Air  0%         N/A       85%         3


Dungeon Overview and Level Annotations

Branches:
Dungeon (4/15)
 Temple: D:4-7

Altars:
Ashenzari

Shops:
D:2 (


Innate Abilities, Weirdness & Mutations

((You are quick and stealthy near water. (Stealth+, EV+, Speed+++)))
Your lower body shifts to a powerful aquatic tail in water.


Message History

Aim: an orc priest, wielding a +0 flail and wearing a +0 chain mail (moderately wounded, about 31% to evade your +1 trident)
You reach to attack!
You hit the orc priest.
The orc priest is heavily wounded.
The orc priest begins to cast a cantrip, but forgets the words!
Reach: a) +1 trident
Press: ? - help, Dir - move target, f/p - orc priest
Aim: an orc priest, wielding a +0 flail and wearing a +0 chain mail (heavily wounded, about 31% to evade your +1 trident)
You reach to attack!
You hit the orc priest but do no damage.
The orc priest is heavily wounded.
You hear the slow rusting of a very distant drain.
The orc priest casts a cantrip, but nothing happens.
Reach: a) +1 trident
Press: ? - help, Dir - move target, f/p - orc priest
Aim: an orc priest, wielding a +0 flail and wearing a +0 chain mail (heavily wounded, about 31% to evade your +1 trident)
You reach to attack!
You barely miss the orc priest.
The orc priest is heavily wounded.
Unknown command.
You hit the orc priest but do no damage.
The orc priest is heavily wounded.
The orc priest hits you with a +0 flail.
* * * LOW HITPOINT WARNING * * *
You hit the orc priest but do no damage.
The orc priest is heavily wounded.
The orc priest hits you with a +0 flail!
* * * LOW HITPOINT WARNING * * *
You feel better.
The orc priest hits you with a +0 flail.
* * * LOW HITPOINT WARNING * * *
You closely miss the orc priest.
The orc priest is heavily wounded.
The orc priest closely misses you.
You hit the orc priest.
The orc priest is severely wounded.
The orc priest hits you with a +0 flail.
* * * LOW HITPOINT WARNING * * *
You hit the orc priest.
The orc priest is severely wounded.
The orc priest hits you with a +0 flail!
You die...

###
..#
#.#
#o#
#o#
#@#
#.#
#.#
#.#
###.#
#...#
#.###
#.#
#.#


You could see an orc priest and an orc.

Vanquished Creatures
  Terence (D:3)
  Natasha (twice) (D:2)
  An orc wizard (D:4)
  Robin (D:3)
  3 adders (D:2)
  4 worms
  3 dart slugs (D:1)
  An orc (D:4)
  9 ball pythons
  2 bats
  6 endoplasms
  5 giant cockroaches
  13 goblins
  8 hobgoblins
  12 jackals
  3 quokkas
  A frilled lizard (D:1)
  7 kobolds
  2 rats (D:1)
84 creatures vanquished.

Notes
Turn   | Place    | Note
-------+----------+-------------------------------------------
     0 | D:1      | Demosthentine the Merfolk Gladiator began the quest for the
                  | Orb.
     0 | D:1      | Reached XP level 1. HP: 16/16 MP: 1/1
   332 | D:1      | Reached XP level 2. HP: 23/23 MP: 2/2
   752 | D:1      | Reached XP level 3. HP: 23/28 MP: 3/3
  1329 | D:2      | Reached skill level 5 in Polearms
  1346 | D:2      | Reached skill level 1 in Armour
  1529 | D:2      | Reached skill level 1 in Shields
  1529 | D:2      | Reached XP level 4. HP: 30/34 MP: 4/4
  1593 | D:2      | Found Dilioliv's Antique Weapon Emporium.
  1894 | D:2      | Noticed Natasha
  1899 | D:2      | Killed Natasha
  1928 | D:2      | Reached XP level 5. HP: 23/41 MP: 5/5
  2073 | D:2      | Found a faded altar of an unknown god.
  2140 | D:2      | Noticed Natasha
  2144 | D:2      | Killed Natasha
  2302 | D:3      | Found a broken altar of Ashenzari.
  2362 | D:3      | Noticed Robin
  2369 | D:3      | Reached skill level 5 in Dodging
  2389 | D:3      | Killed Robin
  2663 | D:3      | Noticed Terence
  2677 | D:3      | Killed Terence
  3467 | D:4      | Reached XP level 6. HP: 29/47 MP: 6/6
  3476 | D:4      | Slain by an orc priest

Illustrated notes

Levels and vault maps discovered:
D:1:      elethiomel_arrival_maze, layout_loops_ring
D:2:      layout_rooms, hellmonk_ecumenical_altar_inner_sanctum, serial_shops,
          nicolae_shop_behind_doors, grunt_ministairs_3,
          chequers_serial_rivers_room_b, roderic_serpentine_path,
          hangedman_decor_growths, minmay_misc_feat_enclosed, uniq_natasha
D:3:      layout_loops_cross, ashenzari_altar_1, uniq_robin, uniq_terence
D:4:      layout_loops_ring, kennysheep_mini_moat, zin_statuary,
          chequers_temple_overflow_minitemple, minmay_temple_entry_hall,
          portal_sewer_entry_e, grunt_ministairs_3

Skill      XL: |  1  2  3  4  5 |
---------------+----------------+-----
Polearms       | 5 |  5.8
Armour         | 1 |  1.7
Shields        | 1 2 |  2.2
Fighting       | 3 |  3.5
Dodging        | 5 |  5.3
Throwing       | |  2.0

Action                   |  1- 3 |  4- 6 || total
-------------------------+-------+-------++-------
Melee: Trident           |   110 |   151 ||   261
  Use: Scroll            |     5 |     1 ||     6
       Potion            |     1 |     2 ||     3
 Stab: Sleeping          |       |     3 ||     3
Armor: Leather armour    |    25 |    21 ||    46
       Skin              |       |    10 ||    10
Dodge: Dodged            |    60 |    65 ||   125

Table legend: (Time is in decaauts)
 A = Elapsed time spent in this place.
 B = Non-inter-level travel time spent in this place.
 C = Inter-level travel time spent in this place.
 D = Time resting spent in this place.
 E = Time spent auto-exploring this place.
 F = Levels seen in this place.
 G = Mean time per level.
                   A        B        C        D        E       F      G
               +--------+--------+--------+--------+--------+-----+--------+
         Total |   3483 |   3434 |     49 |     24 |   2920 |   4 |  870.8 |
       Dungeon |   3483 |   3434 |     49 |     24 |   2920 |   4 |  870.8 |
               +--------+--------+--------+--------+--------+-----+--------+

Top non-repeatable levels by time:
     D:1: 1190 daAuts
     D:3: 1138 daAuts
     D:2: 1097 daAuts
     D:4: 57 daAuts
